 Dungeon Crawl Stone Soup version 0.30.1-9-gdf580d7c3d (webtiles) character file.

Game seed: 10235701827195715351

9 tizbic2 the Poker (level 2, -5/21 (26) HPs)
             Began as a Gnoll Reaver on Sept 30, 2023.
             Slain by a gnoll
             ... wielding a +1 whip of draining
              (8 damage)
             ... on level 1 of the Dungeon.
             The game lasted 00:01:35 (224 turns).

tizbic2 the Poker (Gnoll Reaver)                     Turns: 224, Time: 00:01:35

HP:   -5/21 (26)    AC:  3    Str: 11    XL:     2   Next: 12%
MP:   7/7           EV: 12    Int: 12    God:
Gold: 27            SH:  0    Dex: 10    Spells: 9/10 levels left

rFire   . . .        h - +0 broad axe
rCold   . . .        (no shield)
rNeg    . . .        b - +0 leather armour
rPois   .            (no helmet)
rElec   .            (no cloak)
rCorr   .            (no gloves)
SInv    .            (no boots)
Will    .....        (no amulet)
Stlth   +            (no ring)
HPRegen 0.23/turn    (no ring)
MPRegen 0.10/turn

%: no passive effects
@: heavily drained
A: fangs 1, strong nose, distributed training
a: no special abilities


You were on level 1 of the Dungeon.
You visited 1 branch of the dungeon, and saw 1 of its levels.

You collected 27 gold pieces.

Inventory:

Hand Weapons
 a - a +0 spear
 h - a +0 broad axe (weapon)
Missiles
 d - 6 stones
Armour
 b - a +0 leather armour (worn)
Scrolls
 e - a scroll of magic mapping {unknown}
 f - 2 scrolls of teleportation {unknown}
Potions
 c - a potion of curing {unknown}
 g - a potion of lignification {unknown}


   Skills:
 + Level 4.4 Fighting
 + Level 0.3 Short Blades
 + Level 0.3 Long Blades
 + Level 0.3 Axes
 + Level 0.3 Maces & Flails
 + Level 6.4 Polearms
 + Level 0.3 Staves
 + Level 0.3 Ranged Weapons
 + Level 0.3 Throwing
 + Level 0.3 Armour
 + Level 4.4 Dodging
 + Level 0.3 Stealth
 + Level 0.3 Shields
 + Level 0.3 Unarmed Combat
 + Level 4.9 Spellcasting
 + Level 5.3 Conjurations
 + Level 0.2 Hexes
 + Level 0.2 Summonings
 + Level 0.2 Necromancy
 + Level 0.2 Translocations
 + Level 0.2 Transmutations
 + Level 0.2 Fire Magic
 + Level 0.2 Ice Magic
 + Level 0.2 Air Magic
 + Level 0.2 Earth Magic
 + Level 0.2 Poison Magic
 + Level 0.4 Invocations
 + Level 0.3 Evocations


You had 9 spell levels left.
You knew the following spells:

 Your Spells              Type           Power      Damage    Failure   Level
a - Kiss of Death         Conj/Necr      36%        2d8       9%          1

Your spell library contained the following spells:

 Spells                   Type           Power      Damage    Failure   Level
 Momentum Strike          Conj/Tloc      18%        3d8       13%         2
 Hailstorm                Conj/Ice       9%         3d4       26%         3


Dungeon Overview and Level Annotations

Branches:
Dungeon (1/15)

Altars:


Innate Abilities, Weirdness & Mutations

You have very sharp teeth.
Your uncanny sense of smell can sniff out nearby items.
Your experience applies equally to all skills.


Message History

The endoplasm is severely wounded.
The endoplasm closely misses you.
You hit the endoplasm but do no damage.
The endoplasm is severely wounded.
You hit the endoplasm.
You kill the endoplasm!
h - a +0 broad axe A gnoll comes into view.
It is wielding a +1 whip of draining.
h - a +0 broad axe (weapon)
You barely miss the gnoll. You punch the gnoll.
The gnoll is lightly wounded.
The gnoll closely misses you.
You barely miss the gnoll.
The gnoll is lightly wounded.
The gnoll misses you.
The gnoll hits you with a +1 whip of draining.
You feel drained.
You barely miss the gnoll.
The gnoll is lightly wounded.
The gnoll barely misses you.
The gnoll hits you with a +1 whip of draining!
You feel drained.
You slash the gnoll!
The gnoll is almost dead.
The gnoll hits you with a +1 whip of draining.
You feel drained.
You closely miss the gnoll.
The gnoll is almost dead.
The gnoll hits you but does no damage.
You feel drained. The gnoll closely misses you.
You hit the gnoll but do no damage. Your bite misses the gnoll.
The gnoll is almost dead.
The gnoll hits you with a +1 whip of draining.
* * * LOW HITPOINT WARNING * * *
You feel drained.
* * * LOW HITPOINT WARNING * * *
You barely miss the gnoll.
The gnoll is almost dead.
The gnoll hits you with a +1 whip of draining!
You die...

#.....#.#........#######
+.....#.+.........).....
#.....#.#.......########
.......................#
...............>...###.#
...............#...# #.#
#+#......#####.....###.#
#.##....## #.........#
.......@# #.#.......#
#.##...g# #.#.#.....# .
#...(+ ∆..#.#..##.#
##...# ####.#.....#
....# #.#.##... ##....∆
#.#.##... #.... #.#####
#....


You could see a gnoll.

Vanquished Creatures
  3 endoplasms (D:1)
  3 goblins (D:1)
  A frilled lizard (D:1)
7 creatures vanquished.

Notes
Turn   | Place    | Note
-------+----------+-------------------------------------------
     0 | D:1      | tizbic2 the Gnoll Reaver began the quest for the Orb.
     0 | D:1      | Reached XP level 1. HP: 20/20 MP: 6/6
   190 | D:1      | Reached XP level 2. HP: 23/26 MP: 7/7
   224 | D:1      | Slain by a gnoll

Illustrated notes

Levels and vault maps discovered:
D:1:      elethiomel_arrival_fortress_basement, layout_basic,
          minmay_tetromino_l4

Action                     || total
---------------------------++-------
  Melee: Spear             ||    21
         Bite              ||     2
         Broad axe         ||     7
         Punch             ||     1
 Armour: Leather armour    ||     1
  Dodge: Dodged            ||     7
